AoeStats
← Alvardo

Arabia

510406969Analyzed
2v2 RM · 8h ago on Sep 30, 2026· 39m 50s· 4 players
Game mode
Random Map
Map size
Medium (4 player)
Population
200
Speed
Normal
Resources
Standard
Victory
Conquest
Starting age
Dark Age
Ending age
Imperial Age
RankedLock teamsTeams togetherTeam positionsShared explorationLock speedFull tech treeHidden civsTurbo modeCheats
Victory
Defeat
🇦🇷 Bohemians · Argentina
1005
+16
🇦🇷 Khmer · Argentina
938
+19
🇦🇷 Tupi · Argentina
1020
-18
🇦🇷 Magyars · Argentina
996
-17
NoScream
12:19 Feudal Age
17:00 Castle Age
16:25 Double-Bit Axe
17:17 Horse Collar
20:55 Wheelbarrow
34:25 Pikeman
36:35 Padded Archer Armor
36:25 Fletching
Martin_gc
4:44 Loom
7:50 Feudal Age
19:06 Castle Age
18:20 Double-Bit Axe
19:03 Bloodlines
26:06 Gold Mining
29:15 Scale Barding Armor
29:21 Forging
38:54 Husbandry
Alvardo
2:56 Loom
13:41 Feudal Age
17:15 Bloodlines
19:03 Town Watch
24:45 Wheelbarrow
24:26 Scale Barding Armor
28:44 Double-Bit Axe
32:53 Castle Age
31:44 Scale Mail Armor
32:42 Fletching
34:26 Hand Cart
36:57 Horse Collar
JERO
8:28 Loom
10:14 Feudal Age
15:31 Castle Age
13:34 Stone Mining
14:14 Horse Collar
14:23 Double-Bit Axe
16:34 Fletching
17:04 Bow Saw
16:39 Horse Collar
16:50 Gold Mining
18:21 Padded Archer Armor
19:23 Bodkin Arrow
24:43 Padded Archer Armor
25:28 Wheelbarrow
24:39 Town Watch
27:36 Heavy Plow
30:21 Ballistics
30:40 Hand Cart
31:49 Gold Shaft Mining
31:38 Murder Holes
36:35 Imperial Age
34:22 Leather Archer Armor
35:45 Caciques
36:48 Scale Mail Armor
36:59 Forging
37:27 Bracer
37:50 Conscription
37:23 Elite Blackwood Archer
39:54 Chemistry
39:58 Ring Archer Armor
39:39 Forging
Connection lost

Rejoining the realm…

Still unreachable

The connection could not be restored.

Session expired

The server has moved on; the page needs a fresh start.